 Dungeon Crawl Stone Soup version 0.30.1-11-g7821555f0a (webtiles) character file.

Game seed: 6550587674869418201

620 Jerry the Ruffian (level 7, -5/71 HPs)
             Began as a Troll Monk on Dec 10, 2023.
             Slain by Duvessa
             ... wielding a +0 rapier
              (7 damage)
             ... on level 5 of the Dungeon.
             The game lasted 00:10:44 (3644 turns).

Jerry the Ruffian (Troll Monk)                      Turns: 3644, Time: 00:10:45

Health: -5/71      AC:  4    Str: 20    XL:     7   Next: 22%
Magic:  6/6        EV: 11    Int:  6    God:
Gold:   293        SH:  0    Dex: 14    Spells: 6/6 levels left

rFire   . .          .
                       - Unarmed
rCold   . . .        c - orb {light}
rNeg    + . .        a - +0 robe
rPois   .            (helmet restricted)
rElec   .            (no cloak)
rCorr   +            (gloves unavailable)
SInv    .            (boots unavailable)
Will    .....        (no amulet)
Stlth   +            h - ring of resist corrosion
HPRegen 1.11/turn    r - ring of positive energy
MPRegen 0.10/turn

%: no passive effects
@: about to teleport, glowing
A: large, unfitting armour, claws 3, regeneration 1, shaggy fur 1, tough skin 1
a: no special abilities


You were on level 5 of the Dungeon.
You visited 2 branches of the dungeon, and saw 6 of its levels.

You collected 293 gold pieces.

Inventory:

Armour
 a - a +0 robe (worn)
 c - an orb of light (worn)
Jewellery
 e - a ring of positive energy
 h - a ring of resist corrosion (left claw)
 r - a ring of positive energy (right claw)
Wands
 o - a wand of digging (7)
 s - a wand of paralysis (9)
Scrolls
 f - 2 scrolls of identify
 i - a scroll of teleportation
 k - a scroll of torment {unknown}
Potions
 b - a potion of ambrosia
 d - a potion of attraction
 g - 5 potions of curing
 j - 2 potions of flight {unknown}
 p - 2 potions of haste


   Skills:
 + Level 4.4 Fighting
 + Level 4.4 Dodging
 + Level 5.4 Unarmed Combat


You had 6 spell levels left.
You didn't know any spells.
Your spell library contained the following spells:

 Spells                   Type           Power      Damage    Failure   Level
 Poisonous Vapours        Pois/Air       0%         N/A       58%         2
 Sublimation of Blood     Necr           0%         N/A       58%         2
 Wereblood                Tmut           0%         N/A       58%         2
 Mephitic Cloud           Conj/Pois/Air  0%         N/A       83%         3
 Petrify                  Tmut/Erth      0%         N/A       99%         4
 Freezing Cloud           Conj/Ice/Air   0%         6-21      100%        5
 Irradiate                Conj/Tmut      0%         3d11      100%        5
 Summon Hydra             Summ           0%         N/A       100%        7


Dungeon Overview and Level Annotations

Branches:
Dungeon (5/15)             Temple (1/1) D:4

Altars:
Ashenzari
Cheibriados
Fedhas
Kikubaaqudgha
Nemelex Xobeh
Okawaru
Ru
Xom
The Shining One

Annotations:
D:5 3 runed translucent doors, Dowan; Duvessa; Tali's ghost, novice DsCK


Innate Abilities, Weirdness & Mutations

You are too large for most types of armour.
You have claws for hands.
Your natural rate of healing is unusually fast.
You are covered in fur. (AC +1)
You have tough skin. (AC +1)


Message History

Duvessa breaks down the door.
Dowan zaps a wand.
The puff of flame hits you!
Dowan gestures at Duvessa while chanting.
Duvessa seems to speed up.
Things that are here:
a +0 giant club; an ogre corpse Duvessa attacks as you move away!
Duvessa hits you but does no damage. Duvessa hits you with a +0 rapier.
Duvessa hits you with a +0 rapier.
There is an open door here.
Duvessa attacks as you move away! Duvessa hits you with a +0 rapier!
Duvessa hits you with a +0 rapier.
You scratch Duvessa but do no damage. Duvessa barely misses you.
Duvessa hits you but does no damage.
You scratch Duvessa.
Duvessa is lightly wounded.
Duvessa hits you with a +0 rapier.
You scratch Duvessa but do no damage.
Duvessa is lightly wounded.
Duvessa hits you with a +0 rapier.
You scratch Duvessa but do no damage.
Duvessa is lightly wounded.
Duvessa hits you with a +0 rapier. x2
You claw Duvessa!
Duvessa is heavily wounded.
Duvessa says, "Where magic fails, the sword succeeds!"
Duvessa hits you with a +0 rapier!
You barely miss Duvessa.
Duvessa is heavily wounded.
Duvessa hits you with a +0 rapier.
* * * LOW HITPOINT WARNING * * *
Duvessa hits you with a +0 rapier!
* * * LOW HITPOINT WARNING * * *
As you read the scroll of teleportation, it crumbles to dust.
You feel strangely unstable. Duvessa hits you with a +0 rapier!
* * * LOW HITPOINT WARNING * * *
Duvessa attacks as you move away! Duvessa hits you with a +0 rapier.
* * * LOW HITPOINT WARNING * * *
Duvessa hits you with a +0 rapier!
You die...

#.#..##.## #........#
#.#..##.## #........#
#<...#8.8# #. #........#
#.#.###.##
+..#####.#+######
#.#.###.## ##.....#....#
#.#.##8.8# +...........#
#######.##########.....#
#8##8##.##8###8##.)...##
.......[.....@ee'.###...#
#8##8##.##8###8##.# ##.#
# #.#### ####.# ... 8.8
... ### ##.# .... #.##.
.#..... 8.8#. .#......
#.##.#+#......... #
#...... # /$###


You could see Duvessa (fast) and Dowan.

Vanquished Creatures
  2 ogres
  A phantom (D:4)
  A scorpion (D:5)
  2 iguanas
  Jessica (D:3)
  Ijyb (D:3)
  Terence (D:3)
  3 gnolls
  7 adders
  3 worms (D:2)
  A dart slug (D:1)
  8 orcs
  4 endoplasms
  4 giant cockroaches
  4 goblins
  6 hobgoblins
  4 jackals
  3 quokkas
  11 ball pythons
  6 bats
  6 frilled lizards
  8 kobolds
  6 rats
93 creatures vanquished.

Notes
Turn   | Place    | Note
-------+----------+-------------------------------------------
     0 | D:1      | Jerry the Troll Monk began the quest for the Orb.
     0 | D:1      | Reached XP level 1. HP: 22/22 MP: 0/0
    53 | D:1      | Reached XP level 2. HP: 29/29 MP: 1/1
   175 | D:1      | You fall into a shaft and drop 1 floor!
   552 | D:1      | Found a faded altar of an unknown god.
   690 | D:2      | Reached XP level 3. HP: 36/36 MP: 2/2
  1495 | D:3      | Reached XP level 4. HP: 44/45 MP: 3/3
  1544 | D:3      | Noticed Ijyb
  1563 | D:3      | Killed Ijyb
  1604 | D:3      | Reached skill level 4 in Unarmed Combat
  1831 | D:3      | Reached XP level 5. HP: 52/53 MP: 4/4
  1855 | D:3      | Noticed an ogre
  1856 | D:3      | Noticed Jessica
  1861 | D:3      | Killed Jessica
  1869 | D:3      | Killed an ogre
  1988 | D:3      | Reached XP level 6. HP: 62/62 MP: 5/5
  2059 | D:3      | Noticed Terence
  2063 | D:3      | Killed Terence
  2468 | D:4      | Found a sparkling altar of Nemelex Xobeh.
  2471 | D:4      | Found a glowing golden altar of the Shining One.
  2475 | D:4      | Found a sacrificial altar of Ru.
  2635 | D:4      | Reached skill level 5 in Unarmed Combat
  2787 | D:4      | Found a staircase to the Ecumenical Temple.
  2792 | Temple   | Entered the Ecumenical Temple
  3402 | D:5      | Entered Level 5 of the Dungeon
  3425 | D:5      | Found a runed translucent gate.
  3425 | D:5      | Noticed Tali's ghost (novice DsCK)
  3426 | D:5      | Found a runed translucent gate.
  3427 | D:5      | Found a runed translucent gate.
  3523 | D:5      | Reached XP level 7. HP: 70/70 MP: 6/6
  3624 | D:5      | Noticed Duvessa
  3624 | D:5      | Noticed Dowan
  3644 | D:5      | HP: 1/71 [Duvessa/+0 rapier (4)]
  3644 | D:5      | Slain by Duvessa

Illustrated notes

Levels and vault maps discovered:
D:1:      dpeg_arrival_arbitrary_c, layout_basic,
          dreamdust_ecumenical_altar_hidden_monk_grotto,
          ebering_dispersal_statue_hall, minmay_three_crescents
D:2:      layout_loops_corners, minmay_quantized
D:3:      layout_loops_ring, grunt_decor_resistance, wad_rectangle_vault,
          uniq_jessica, uniq_terence, uniq_ijyb
D:4:      layout_loops_corners, grunt_temple_overflow_diamond, temple_doors_cd
D:5:      layout_basic, chequers_temple_overflow_minitemple,
          gammafunk_ghost_nasty_kobolds, dk_noncrumbling_2, uniq_duvessa
Temple:   nicolae_temple_superstar

Skill      XL: |  1  2  3  4  5  6 |
---------------+-------------------+-----
Dodging        | 3 4 |  4.4
Fighting       | 3 4 |  4.4
Unarmed Combat | 4 5 |  5.4

Action                     |  1- 3 |  4- 6 |  7- 9 || total
---------------------------+-------+-------+-------++-------
  Melee: Unarmed           |    83 |   130 |    11 ||   224
    Use: Scroll            |       |    10 |     1 ||    11
 Armour: Robe              |    27 |    31 |     2 ||    60
  Dodge: Dodged            |    43 |    59 |     3 ||   105
